 Dungeon Crawl Stone Soup version 0.21-a0-241-g2cbab09 (webtiles) character file.

184 Chiseanne the Magician (level 5, 0/42 HPs)
             Began as a Mummy Wanderer on Sept 3, 2017.
             Killed from afar by an orc wizard (4 damage)
             ... with a puff of frost
             ... on level 3 of the Dungeon.
             The game lasted 00:06:35 (3319 turns).

Chiseanne the Magician (Mummy Wanderer)             Turns: 3319, Time: 00:06:36

Health: 0/42       AC:  5    Str: 15    XL:     5   Next: 36%
Magic:  12/12      EV: 12    Int:  9    God:
Gold:   79         SH:  0    Dex: 15    Spells: 13/14 levels left

rFire    x . .     SeeInvis .   a - +1 hand axe
rCold    + . .     Gourm    .   (no shield)
rNeg     + + +     Faith    .   o - +0 ring mail (curse)
rPois    ∞         Spirit   .   (no helmet)
rElec    .         Reflect  .   (no cloak)
rCorr    .         Harm     .   (no gloves)
MR       .....                  (no boots)
Stlth    +.........             (no amulet)
HPRegen  0.14/turn              (no ring)
MPRegen  0.13/turn              (no ring)

@: no status effects
A: no food or potions, fire vulnerability, cold resistance 1, negative energy
resistance 3, torment resistance, unbreathing
a: no special abilities


You were on level 3 of the Dungeon.
You were not hungry.

You visited 1 branch of the dungeon, and saw 3 of its levels.

You collected 79 gold pieces.

Inventory:

Hand Weapons
 a - a +1 hand axe (weapon)
 w - a +0 blowgun
Missiles
 h - 6 stones (quivered)
Armour
 e - a +0 shield
 o - a cursed +0 ring mail (worn)
Scrolls
 b - a scroll of teleportation
 d - a scroll of identify
 i - a scroll of recharging
 j - a scroll of fog
 k - a scroll of amnesia
Books
 c - the Papyrus of Poison

   Spells                             Type                      Level
   a - Sting                          Conjuration/Poison           1
   b - Ignite Poison                  Fire/Transmutation/Poison    3
 f - a book of Minor Magic

   Spells                             Type                      Level
   a - Magic Dart                     Conjuration                  1
   b - Blink                          Translocation                2
   c - Call Imp                       Summoning                    2
   d - Slow                           Hexes                        2
   e - Conjure Flame                  Conjuration/Fire             3
   f - Mephitic Cloud                 Conjuration/Poison/Air       3


   Skills:
 * Level 3.8 Fighting
   Level 0.1(0.5) Short Blades
   Level 1.0 Long Blades
 * Level 0.8 Axes
 - Level 1.5 Throwing
 * Level 0.8 Armour
 * Level 2.6 Dodging
 - Level 5.3 Spellcasting
   Level 1.0 Summonings


You had 13 spell levels left.
You knew the following spells:

 Your Spells              Type           Power        Failure   Level  Hunger
a - Magic Dart            Conj           #...         43%         1    N/A

Dungeon Overview and Level Annotations

Branches:
Dungeon (3/15)

Altars:
Ru


Innate Abilities, Weirdness & Mutations

You do not eat or drink.
Your flesh is vulnerable to fire.
You are immune to poison.
Your flesh is cold resistant. (rC+)
You are immune to negative energy. (rN+++)
You are immune to unholy pain and torment.
You can survive without breathing.


Message History

You hear some strange, mumbled words.
A magic dart appears from out of thin air!
The magic dart hits you!
* * * LOW HITPOINT WARNING * * *
You hit something but do no damage. Something barely misses you.
Something hits you.
* * * LOW HITPOINT WARNING * * *
You barely miss something. Something hits you but does no damage.
Something hits you.
* * * LOW HITPOINT WARNING * * *
You barely miss something. Something hits you but does no damage.
You closely miss something. Something hits you.
* * * LOW HITPOINT WARNING * * *
You barely miss something.
Something hits you but does no damage. x2
You barely miss something. Something hits you but does no damage.
You miss something.
You hear some strange, mumbled words.
A puff of frost appears from out of thin air!
The puff of frost hits you! You resist.
You die...

#.# #..# #.#
#..# #.# #..#
#.# #..#####
#.# #.......
#.####...####
######....>...#
#............##
#@#########.##
#{# #.# #l# #.#
#(# #.# #(# #.#
... .# #.. .(..
....


You could see a leopard gecko.

Vanquished Creatures
  Jessica (D:2)
  A worker ant (D:3)
  A gnoll (D:1)
  2 adders (D:3)
  A river rat (D:3)
  2 oozes
  A worm (D:2)
  A dart slug (D:2)
  4 leopard geckos
  3 orcs (D:3)
  A ball python (D:1)
  2 giant cockroaches
  7 hobgoblins
  4 jackals (D:2)
  8 kobolds
  3 quokkas
  10 bats
  3 frilled lizards
  4 goblins
  5 rats
64 creatures vanquished.

Vanquished Creatures (others)
  An orc wizard (D:3)
1 creature vanquished.

Grand Total: 65 creatures vanquished

Notes
Turn   | Place    | Note
-------+----------+-------------------------------------------
     0 | D:1      | Chiseanne the Mummy Wanderer began the quest for the Orb.
     0 | D:1      | Chiseanne set off with: a book of Minor Magic, a scroll of teleportation, the Papyrus of Poison, a +0 robe, a +0 dagger
     0 | D:1      | Reached XP level 1. HP: 16/16 MP: 6/6
     0 | D:1      | Identified the Papyrus of Poison
     2 | D:1      | Learned a level 1 spell: Magic Dart
   461 | D:3      | Reached skill level 1 in Dodging
   461 | D:3      | Reached XP level 2. HP: 17/23 MP: 1/8
   734 | D:1      | Reached XP level 3. HP: 21/28 MP: 9/9
  2136 | D:2      | Noticed Jessica
  2148 | D:2      | Killed Jessica
  2148 | D:2      | Reached XP level 4. HP: 31/35 MP: 11/11
  2509 | D:2      | Found a sacrificial altar of Ru.
  3064 | D:3      | Reached XP level 5. HP: 39/42 MP: 12/12
  3183 | D:3      | Noticed an orc warrior
  3319 | D:3      | Killed from afar by an orc wizard

Vault maps used:
D:1:      minmay_arrival_five_plusses
D:2:      hangedman_ru_absence, first_bread, uniq_jessica
D:3:      minmay_roachtagon, cheibrodos_sewer_entry_sluice, grunt_ministairs_2

Skill      XL: |  1  2  3 |
---------------+----------+-----
Dodging        | 1 2 |  2.6
Fighting       | 3 |  3.8
Short Blades   | |  0.1
Long Blades    | |  1.0
Axes           | |  0.8
Throwing       | |  1.5
Armour         | |  0.8
Spellcasting   | |  5.3
Summonings     | |  1.0

Action                   |  1- 3 |  4- 6 || total
-------------------------+-------+-------++-------
Melee: Hand axe          |    87 |   103 ||   190
 Fire: Blowgun           |    54 |    21 ||    75
Throw: Stone             |       |     4 ||     4
 Cast: Magic Dart        |    14 |       ||    14
Evoke: Wand              |     3 |       ||     3
  Use: Scroll            |       |     8 ||     8
Armor: Robe              |    12 |       ||    12
       Leather armour    |    13 |     2 ||    15
       Ring mail         |       |    56 ||    56
Dodge: Dodged            |    77 |   106 ||   183

Table legend:
 A = Spawn XP
 B = Non-spawn XP
 C = Spawn XP percentage of total XP
 D = Spawn monster count
 E = Non-spawn monster count
 F = Spawn count percentage of total count
 G = Total turns spent on level
                    A         B        C        D         E        F      G
               +---------+---------+-------+---------+---------+-------+---------
         Total |      17 |     247 |   6.4 |       7 |      58 |  10.8 |  3319
               +---------+---------+-------+---------+---------+-------+---------
           D:1 |      11 |      40 |  21.6 |       3 |      17 |  15.0 |  1404
           D:2 |       4 |      87 |   4.4 |       3 |      23 |  11.5 |  1119
           D:3 |       2 |     120 |   1.6 |       1 |      18 |   5.3 |   796
               +---------+---------+-------+---------+---------+-------+---------
